 Dungeon Crawl Stone Soup version 0.19-a0-172-g3b1235c (webtiles) character file.

65 Kidiri the Magician (level 3, 0/23 HPs)
             Began as a High Elf Fire Elementalist on May 22, 2016.
             Succumbed to an adder's poison
             ... on level 2 of the Dungeon.
             The game lasted 00:05:42 (1533 turns).

Kidiri the Magician (High Elf Fire Elementalist)    Turns: 1533, Time: 00:05:43

Health: 0/23       AC:  2    Str:  7    XL:     3   Next: 94%
Magic:  0/8        EV: 14    Int: 20    God:
Gold:   51         SH:  0    Dex: 19    Spells: 3 memorised, 2 levels left

rFire  . . .     SeeInvis .     n - +0 short sword (curse)
rCold  . . .     Gourm    .     a - +0 robe
rNeg   . . .     Faith    .     (no shield)
rPois  .         Spirit   .     (helmet restricted)
rElec  .         Dismiss  .     (no cloak)
rCorr  .         Reflect  .     (no gloves)
SustAt .         Harm     .     (no boots)
MR     .....                    (no amulet)
Stlth  +++.......               g - +4 ring of dexterity
                                h - ring of stealth

@: lethally poisoned (0 -> -13), not resistant to hostile enchantments, fairly
stealthy
A: horns 1
a: no special abilities


You were on level 2 of the Dungeon.
You were hungry.

You visited 1 branch of the dungeon, and saw 2 of its levels.

You collected 51 gold pieces.

Inventory:

Hand Weapons
 e - a +0 club
 n - a cursed +0 short sword (weapon)
Armour
 a - a +0 robe (worn)
 l - a +0 helmet
Jewellery
 g - a +4 ring of dexterity (right hand)
 h - a ring of stealth (left hand)
Books
 b - a book of Flames

   Spells                             Type                      Level
   a - Flame Tongue                   Conjuration/Fire             1
   b - Throw Flame                    Conjuration/Fire             2
   c - Conjure Flame                  Conjuration/Fire             3
   d - Inner Flame                    Hexes/Fire                   3
   e - Sticky Flame                   Conjuration/Fire             4
   f - Fireball                       Conjuration/Fire             5
Comestibles
 c - 2 bread rations
 d - 2 meat rations
 o - a beef jerky


   Skills:
 + Level 1.0 Fighting
 + Level 0.8 Armour
 * Level 2.8 Dodging
 - Level 2.1 Stealth
 * Level 3.2 Spellcasting
 + Level 1.8 Conjurations
 + Level 0.6 Hexes
 + Level 3.1 Fire Magic


You had 2 spell levels left.
You knew the following spells:

 Your Spells              Type           Power        Failure   Level  Hunger
a - Flame Tongue          Conj/Fire      ##...        6%          1    None
b - Throw Flame           Conj/Fire      ##....       10%         2    ##.....
d - Inner Flame           Hex/Fire       ##......     21%         3    ###....


Dungeon Overview and Level Annotations

Branches:
Dungeon (2/15)

Altars:

Annotations:
D:2 Sigmund


Innate Abilities, Weirdness & Mutations

You have a pair of small horns on your head.


Message History

The adder poisons you!
Casting: Flame Tongue
Confirm with . or Enter, or press ? or * to list all spells.
Aiming: Flame Tongue
Press: ? - help, Shift-Dir - straight line, f/p - adder
Aim: an adder (almost dead)
The flame tongue misses the adder.
The flame tongue hits the giant cockroach.
The giant cockroach appears unharmed.
* * * LOW HITPOINT WARNING * * *
You feel sick. The adder misses you.
Unknown command.
You hit the adder.
You kill the adder!
* * * LOW HITPOINT WARNING * * *
You feel sick.
The giant cockroach bites you but does no damage.
Unknown command.
You hit the giant cockroach but do no damage.
You die...

#.# #.# b....
##.###†# #..#
...##.# #..##
#..##.# #...)
#..##.#### ##<#.#
#..##....# #....#
#.....##.# #..#.#
#s###.##.# #..#..
#@# #.##. #..### #.#
#.##.####..# #
..#####........###
.###...##.{........
..##♣.<.♣##g##.)####
.. #....g..#.##..# #
.≈# #.>.♣...÷.##..#
# ...
#.......####..####
##♣.>.♣## #......


You could see a giant cockroach.

Vanquished Creatures
  An adder (D:2)
  2 oozes (D:1)
  2 giant geckos
  5 bats
  2 giant cockroaches
  4 hobgoblins
  11 jackals
  2 kobolds (D:2)
  5 goblins
  7 rats (D:1)
41 creatures vanquished.

Notes
Turn   | Place    | Note
--------------------------------------------------------------
     0 | D:1      | Kidiri the High Elf Fire Elementalist began the quest for the Orb.
     0 | D:1      | Reached XP level 1. HP: 11/11 MP: 4/4
   132 | D:1      | Reached XP level 2. HP: 18/18 MP: 4/6
   143 | D:1      | Learned a level 2 spell: Throw Flame
   940 | D:1      | Reached XP level 3. HP: 22/22 MP: 6/8
   945 | D:1      | Learned a level 3 spell: Inner Flame
  1162 | D:2      | Noticed Sigmund
  1191 | D:2      | Reached skill level 1 in Fighting
  1498 | D:2      | Gained mutation: You have a pair of small horns on your head. [potion of beneficial mutation]
  1532 | D:2      | HP: 1/23 [poisoned by an adder]
  1533 | D:2      | Succumbed to an adder's poison

Vault maps used:
D:1:      onia_arrival_handbag
D:2:      nicolae_qazlal_general_emergency, lemuel_zombie_altar_kikubaaqudgha,
          first_bread, grunt_ministairs_7, minmay_liquid_box, uniq_sigmund

Skill      XL: |  1  2  3 |
---------------+----------+-----
Fighting       | 1 |  1.0
Spellcasting   | 3 |  3.2
Armour         | |  0.8
Dodging        | |  2.8
Stealth        | |  2.1
Conjurations   | |  1.8
Hexes          | |  0.6
Fire Magic     | |  3.1

Action                   || total
-------------------------++-------
Melee: Club              ||    29
       Short sword       ||     8
       Headbutt          ||     1
 Cast: Flame Tongue      ||    57
       Throw Flame       ||    13
  Use: Scroll            ||     4
       Potion            ||     4
 Stab: Sleeping          ||     2
  Eat: Chunk             ||     2
Armor: Robe              ||    27
Dodge: Dodged            ||   117
